 Dungeon Crawl Stone Soup version 0.29-a0-270-g1586fc07ea (webtiles) character file.

Game seed: 12584735527629681328

336 Crownlay the Cleaver (level 6, -2/51 HPs)
             Began as a Hill Orc Fighter on Mar 7, 2022.
             Slain by an ogre
             ... wielding a +0 giant club
              (11 damage)
             ... on level 4 of the Dungeon.
             The game lasted 00:02:37 (2582 turns).

Crownlay the Cleaver (Hill Orc Fighter)             Turns: 2582, Time: 00:02:37

Health: -2/51      AC:  8    Str: 21    XL:     6   Next: 54%
Magic:  6/6        EV:  9    Int:  8    God:
Gold:   198        SH:  4    Dex: 10    Spells: 5/5 levels left

rFire   . . .      SeeInvis .   a - +0 war axe
rCold   . . .      Faith    .   c - +0 buckler
rNeg    . . .      Spirit   .   b - +0 scale mail
rPois   .          Reflect  .   (no helmet)
rElec   .          Harm     .   (no cloak)
rCorr   .          Rampage  .   (no gloves)
Will    .....                   f - +0 pair of boots
Stlth   ..........              (no amulet)
HPRegen 0.17/turn               (no ring)
MPRegen 0.10/turn               (no ring)

@: no status effects
A: no striking features
a: no special abilities


You were on level 4 of the Dungeon.
You visited 1 branch of the dungeon, and saw 4 of its levels.

You collected 198 gold pieces.

Inventory:

Hand Weapons
 a - a +0 war axe (weapon)
 l - a +3 spear of pain
Armour
 b - a +0 scale mail (worn)
 c - a +0 buckler (worn)
 f - a +0 pair of boots (worn)
Wands
 h - a wand of iceblast (10)
Scrolls
 e - 4 scrolls of magic mapping
 i - a scroll of silence {unknown}
 m - a scroll of enchant armour {unknown}
 n - 2 scrolls of teleportation {unknown}
 o - a scroll of torment {unknown}
 q - a scroll of immolation {unknown}
Potions
 d - a potion of might
 j - 2 potions of curing


   Skills:
 - Level 3.6 Fighting
 * Level 8.9 Axes
 - Level 3.2 Armour
 - Level 3.2 Shields


You had 5 spell levels left.
You didn't know any spells.
Your spell library was empty.

Dungeon Overview and Level Annotations

Branches:
Dungeon (4/15)
 Temple: D:4-7

Altars:
Fedhas
Trog


Message History

You now have 175 gold pieces (gained 5).
Found a stone staircase leading down.
Found a hand axe.
You now have 189 gold pieces (gained 14).
You now have 198 gold pieces (gained 9).
An ogre comes into view. It is wielding a +0 giant club.
Found a book of Spatial Translocations.
The ogre shouts!
The ogre moves out of view.
No target in view!
An ogre is nearby!
An ogre is nearby!
You slash the ogre!
The ogre is heavily wounded.
You block the ogre's attack.
You completely miss the ogre.
The ogre is heavily wounded.
You hit the ogre.
The ogre is severely wounded.
You block the ogre's attack.
You hit the ogre but do no damage.
The ogre is severely wounded.
The ogre hits you with a +0 giant club!!
Ouch! That really hurt!
You are too injured to fight recklessly!
You are too injured to fight recklessly!
You are too injured to fight recklessly!
You are too injured to fight recklessly!
You are too injured to fight recklessly!
You are too injured to fight recklessly!
You hit the ogre.
The ogre is almost dead.
The ogre hits you with a +0 giant club!
* * * LOW HITPOINT WARNING * * *
You hit the ogre but do no damage.
The ogre is almost dead.
You hit the ogre.
The ogre is almost dead.
The ogre hits you with a +0 giant club!
You die...

#...........##........
#.#####.#...##........
... #..#>#.....#...##
##..###.##)...#.#......
.....................
..##..#.####.....##.##
#...............# #
#.####.####.#...#
#..O@..# #........
......##### #....###.
#.... ##...# #... ...#
#.. #### #. #


You could see an ogre.

Vanquished Creatures
  A black bear (D:4)
  A scorpion (D:4)
  A hound (D:3)
  An iguana (D:4)
  3 gnolls (D:2)
  4 adders
  A worm (D:4)
  A dart slug (D:2)
  An orc (D:3)
  5 endoplasms
  2 giant cockroaches
  7 goblins
  3 hobgoblins
  12 jackals
  A quokka (D:4)
  6 ball pythons
  3 bats
  5 frilled lizards
  7 kobolds
  3 rats
68 creatures vanquished.

Notes
Turn   | Place    | Note
-------+----------+-------------------------------------------
     0 | D:1      | Crownlay the Hill Orc Fighter began the quest for the Orb.
     0 | D:1      | Reached XP level 1. HP: 19/19 MP: 1/1
    49 | D:1      | Reached skill level 3 in Axes
   171 | D:1      | Found a faded altar of an unknown god.
   214 | D:1      | Reached XP level 2. HP: 26/26 MP: 2/2
   283 | D:1      | Reached skill level 4 in Axes
   408 | D:1      | Reached XP level 3. HP: 27/31 MP: 3/3
   651 | D:2      | Reached skill level 5 in Axes
   976 | D:2      | Reached XP level 4. HP: 39/39 MP: 4/4
  1028 | D:2      | Reached skill level 6 in Axes
  1759 | D:3      | Reached XP level 5. HP: 36/45 MP: 5/5
  1970 | D:3      | Reached skill level 7 in Axes
  2230 | D:4      | Found a bloodstained altar of Trog.
  2231 | D:4      | Found a blossoming altar of Fedhas.
  2418 | D:4      | Reached skill level 8 in Axes
  2418 | D:4      | Reached XP level 6. HP: 43/51 MP: 6/6
  2521 | D:4      | Noticed a black bear
  2528 | D:4      | Killed a black bear
  2582 | D:4      | Slain by an ogre

Illustrated notes

Levels and vault maps discovered:
D:1:      saegor_arrival_simple_e, layout_rooms, shapermc_ecumenical_altar_venn,
          minmay_bisected
D:2:      layout_loops_ring, grunt_ministairs_15, minmay_strange_pillars
D:3:      layout_loops_ring
D:4:      layout_rooms, chequers_temple_overflow_statue_of_worship, uniq_edmund,
          uniq_sigmund

Skill      XL: |  1  2  3  4  5 |
---------------+----------------+-----
Axes           | 3 4 5 6 8 |  8.9
Fighting       | |  3.6
Armour         | |  3.2
Shields        | |  3.2

Action                   |  1- 3 |  4- 6 || total
-------------------------+-------+-------++-------
Melee: War axe           |    82 |   105 ||   187
Throw: Throwing net      |       |     1 ||     1
  Use: Scroll            |       |     4 ||     4
 Stab: Held in net/web   |       |     1 ||     1
Armor: Scale mail        |    77 |    35 ||   112
Dodge: Dodged            |    49 |    43 ||    92
Block: Buckler           |    27 |    24 ||    51

Table legend: (Time is in decaauts)
 A = Elapsed time spent in this place.
 B = Non-inter-level travel time spent in this place.
 C = Inter-level travel time spent in this place.
 D = Time resting spent in this place.
 E = Time spent auto-exploring this place.
 F = Levels seen in this place.
 G = Mean time per level.
                   A        B        C        D        E       F      G
               +--------+--------+--------+--------+--------+-----+--------+
         Total |   2629 |   2533 |     96 |      0 |   2089 |   4 |  657.2 |
       Dungeon |   2629 |   2533 |     96 |      0 |   2089 |   4 |  657.2 |
               +--------+--------+--------+--------+--------+-----+--------+

Top non-repeatable levels by time:
     D:2: 929 daAuts
     D:3: 676 daAuts
     D:1: 616 daAuts
     D:4: 407 daAuts
